Map: [ESL] Oceanborn

Players

YoungYakov - Winner!

  • Race: Zerg Zerg
  • Spawn Location: 11:00

PtitDrogo

  • Race: Protoss Protoss
  • Spawn Location: 5:00

Event: ESL SC2 Masters 2024 Spring (Regional)

VOD

Have the link to the VOD?

Description

Time

  • Played on: April 19, 2024, 11:14 a.m.
  • Length: 14:24

All games in this series

Show
View Real Time Build Order
Export as new Build Order

YoungYakov Zerg - Winner!

Build Orders: Hatch First, Lurkers, Roach Hydra 

Get SALT Encoding   

  12  0:00  Drone  
  13  0:12  Overlord  
  13  0:16  Drone  
  14  0:30  Drone x2  
  16  0:48  Hatchery  
  15  0:51  Drone  
  15  0:54  Drone  
  17  0:58  Drone  
  18  1:08  Extractor  
  17  1:13  Spawning Pool  
  17  1:17  Drone  
  17  1:21  Drone  
  18  1:28  Drone  
  19  1:39  Drone  
  20  1:49  Overlord  
  20  2:00  Queen x2  
  20  2:01  Zergling x4  
  26  2:10  Drone  
  26  2:11  Drone  
  26  2:13  Metabolic Boost  
  28  2:22  Drone x2  
  30  2:33  Drone x2  
  32  2:42  Hatchery  
  31  2:47  Queen  
  33  2:52  Overlord  
  33  2:54  Drone  
  33  2:56  Drone  
  33  2:58  Drone  
  35  3:09  Overlord  
  35  3:10  Queen  
  35  3:11  Drone  
  38  3:13  Drone  
  38  3:15  Drone  
  38  3:17  Drone  
  38  3:19  Drone  
  42  3:24  Drone  
  43  3:27  Queen  
  43  3:29  Drone  
  46  3:35  Spore Crawler, Drone  
  46  3:37  Drone  
  47  3:42  Drone x3  
  50  3:51  Overlord  
  50  3:53  Queen  
  50  3:54  Spore Crawler  
  50  3:55  Drone  
  52  3:56  Drone  
  52  3:59  Drone x2  
  55  4:03  Overlord  
  55  4:04  Zergling x2  
  55  4:06  Zergling x2  
  55  4:09  Spore Crawler  
  56  4:10  Drone  
  56  4:12  Drone  
  56  4:15  Zergling x4  
  60  4:17  Drone x2  
  60  4:20  Overlord  
  60  4:33  Overlord, Drone x2  
  60  4:37  Drone x3  
  65  4:40  Roach Warren  
  65  4:41  Drone x2  
  65  4:44  Drone x3  
  69  4:47  Lair  
  69  4:49  Extractor  
  69  4:51  Extractor  
  67  4:55  Drone x3  
  67  4:56  Drone x2  
  67  4:57  Drone  
  67  4:58  Drone  
  74  5:02  Drone  
  74  5:04  Evolution Chamber  
  74  5:06  Overlord  
  74  5:09  Drone x3  
  74  5:12  Extractor  
  74  5:13  Extractor  
  74  5:17  Drone x3  
  74  5:18  Overlord  
  77  5:24  Hatchery  
  77  5:27  Drone  
  77  5:28  Extractor  
  77  5:30  Drone x3  
  77  5:31  Zerg Missile Weapons Level 1  
  81  5:35  Roach  
  81  5:36  Overlord  
  81  5:39  Drone  
  81  5:42  Drone x3, Hatchery  
  85  5:45  Roach x2  
  88  5:51  Glial Reconstitution  
  88  5:52  Spire  
  87  5:57  Roach x3  
  87  6:00  Overlord  
  93  6:05  Roach x3  
  93  6:08  Drone x2  
  93  6:10  Overlord  
  97  6:14  Drone x2  
  97  6:15  Drone  
  97  6:16  Overlord  
  100  6:20  Roach  
  100  6:21  Roach  
  100  6:25  Roach x3  
  110  6:30  Overlord  
  110  6:36  Drone x7  
  110  6:39  Overlord  
  116  6:58  Evolution Chamber x2  
  113  7:04  Spore Crawler  
  113  7:05  Spore Crawler  
  113  7:06  Spore Crawler  
  113  7:08  Mutalisk x9  
  109  7:13  Drone x9  
  109  7:14  Overlord  
  141  7:18  Hydralisk Den  
  141  7:20  Overlord x2  
  141  7:22  Overlord  
  134  7:37  Roach x4  
  134  7:39  Drone x2  
  134  7:40  Drone x4  
  134  7:42  Zerg Missile Weapons Level 2  
  148  7:46  Extractor  
  148  7:47  Extractor  
  148  7:49  Muscular Augments, Drone x2  
  148  7:50  Drone x2  
  150  7:56  Infestation Pit  
  149  7:59  Lurker Den  
  149  8:02  Zergling x10  
  149  8:05  Drone x3  
  156  8:08  Overlord  
  156  8:09  Drone x4  
  158  8:14  Hydralisk x4  
  158  8:17  Overlord  
  164  8:26  Hydralisk x6  
  162  8:37  Roach x3  
  162  8:38  Roach  
  168  8:42  Hive  
  168  8:45  Hatchery  
  168  8:48  Hydralisk x3  
  169  8:58  Drone x2  
  169  8:59  Grooved Spines, Drone x2  
  165  9:05  Evolution Chamber  
  165  9:06  Spine Crawler  
  165  9:07  Spine Crawler, Spore Crawler  
  161  9:12  Hydralisk  
  161  9:13  Hydralisk x3  
  161  9:20  Hydralisk x4  
  153  9:25  Hatchery  
  153  9:27  Overlord  
  153  9:30  Lurker x3  
  155  9:32  Zerg Melee Weapons Level 1, Drone x2  
  155  9:33  Spore Crawler  
  155  9:35  Lurker  
  157  9:40  Lurker  
  157  9:41  Lurker  
  157  9:43  Zergling x12  
  165  9:50  Pneumatized Carapace  
  165  9:55  Drone  
  165  9:56  Spore Crawler, Drone x3  
  165  9:57  Spore Crawler  
  165  9:58  Spore Crawler, Seismic Spines  
  165  9:59  Lurker  
  165  10:08  Hydralisk x4  
  165  10:09  Hydralisk  
  175  10:21  Hydralisk x2, Nydus Network  
  173  10:25  Drone x4  
  173  10:26  Overlord x2  
  173  10:27  Overlord  
  170  10:38  Hydralisk x7  
  184  10:48  Lurker x2  
  184  10:49  Overlord  
  186  10:53  Spine Crawler  
  186  10:54  Hydralisk x3  
  186  10:55  Spine Crawler  
  186  10:56  Spine Crawler  
  189  10:57  Adaptive Talons  
  189  10:59  Zergling x16  
  189  11:03  Nydus Canal  
  197  11:10  Extractor x2  
  195  11:12  Lurker x2  
  189  11:20  Nydus Canal  
  189  11:23  Hydralisk x4  
  186  11:27  Mutalisk  
  186  11:28  Roach  
  186  11:29  Zergling x12  
  186  11:30  Zergling x12  
  170  11:39  Hydralisk x2  
  142  11:45  Zergling x8  
  148  11:53  Nydus Canal  
  137  11:57  Hydralisk x9  
  151  12:01  Hatchery  
  150  12:11  Nydus Canal  
  150  12:13  Hydralisk x5  
  160  12:18  Zergling x2  
  160  12:19  Zergling x4  
  162  12:24  Spine Crawler  
  162  12:28  Hydralisk  
  162  12:29  Hydralisk x5, Overlord  
  163  12:41  Hydralisk x6  
  171  12:44  Zergling x2  
  172  12:56  Hydralisk x5  
  173  13:00  Lurker x3  
  174  13:12  Zergling x18  
  177  13:29  Lurker x2  
  177  13:30  Lurker x2  
  177  13:31  Lurker  
  177  13:32  Drone  
  177  13:33  Overseer, Drone x7, Queen  
  192  13:53  Spire  
  191  14:00  Lurker  
  191  14:01  Zergling x16  
  191  14:02  Zergling x4  
Show
View Real Time Build Order
Export as new Build Order

PtitDrogo Protoss 

Build Orders: 1 Gate Expand, Oracle Opening, Archon Immortal, Archon Drop 

Get SALT Encoding   

  12  0:00  Probe  
  13  0:12  Probe  
  14  0:19  Pylon  
  14  0:24  Probe  
  15  0:37  Probe (Chrono Boost)  
  15  0:40  Gateway  
  16  0:46  Probe (Chrono Boost)  
  17  0:50  Assimilator  
  17  0:52  Probe  
  18  1:04  Probe  
  19  1:16  Probe  
  20  1:26  Nexus  
  20  1:37  Cybernetics Core  
  20  1:39  Probe  
  21  1:46  Assimilator  
  21  1:52  Probe  
  22  1:55  Pylon  
  22  2:04  Probe  
  23  2:11  Adept (Chrono Boost)  
  25  2:16  Probe  
  25  2:20  Stargate  
  26  2:27  Warp Gate  
  26  2:29  Probe (Chrono Boost)  
  27  2:33  Adept  
  29  2:38  Probe (Chrono Boost)  
  31  2:46  Probe (Chrono Boost)  
  31  2:48  Probe (Chrono Boost)  
  32  2:52  Probe (Chrono Boost)  
  32  2:53  Probe (Chrono Boost)  
  34  3:01  Oracle (Chrono Boost)  
  34  3:04  Probe  
  34  3:05  Probe  
  39  3:08  Pylon  
  39  3:13  Gateway  
  39  3:16  Probe  
  39  3:17  Probe  
  41  3:28  Oracle (Chrono Boost), Probe  
  41  3:29  Probe  
  46  3:40  Probe  
  47  3:41  Probe  
  47  3:47  Nexus  
  48  3:49  Pylon  
  48  3:53  Probe (Chrono Boost)  
  48  3:54  Probe (Chrono Boost)  
  50  3:59  Oracle  
  53  4:08  Pylon, Probe (Chrono Boost)  
  55  4:10  Assimilator  
  55  4:11  Probe (Chrono Boost)  
  55  4:12  Assimilator  
  55  4:14  Adept  
  58  4:18  Probe (Chrono Boost)  
  58  4:20  Probe (Chrono Boost)  
  59  4:26  Probe (Chrono Boost)  
  59  4:28  Probe (Chrono Boost)  
  61  4:35  Probe  
  61  4:36  Probe  
  63  4:40  Twilight Council, Stalker  
  63  4:41  Forge  
  63  4:43  Robotics Facility  
  65  4:49  Probe (Chrono Boost)  
  65  4:52  Probe (Chrono Boost)  
  67  4:54  Gateway x2  
  67  4:59  Probe (Chrono Boost)  
  70  5:01  Probe (Chrono Boost)  
  70  5:04  Shield Battery  
  70  5:05  Probe (Chrono Boost)  
  71  5:08  Probe (Chrono Boost)  
  71  5:09  Probe (Chrono Boost)  
  71  5:13  Probe (Chrono Boost)  
  73  5:15  Probe  
  73  5:16  Probe  
  73  5:19  Pylon  
  75  5:23  Probe  
  75  5:24  Templar Archives  
  75  5:27  Probe  
  75  5:28  Probe  
  78  5:31  Warp Prism (Chrono Boost)  
  78  5:32  Assimilator  
  78  5:34  Assimilator  
  80  5:35  Probe  
  80  5:38  Protoss Ground Weapons Level 1  
  80  5:39  Probe  
  80  5:40  Probe  
  80  5:41  Charge  
  83  5:47  Pylon, Probe  
  84  5:51  Probe  
  84  5:52  Probe  
  84  5:53  Gateway  
  86  5:58  Gateway  
  86  5:59  Gateway  
  86  6:00  Probe  
  86  6:01  Gateway  
  86  6:02  Gateway  
  86  6:03  Probe  
  88  6:04  Probe  
  88  6:08  Observer (Chrono Boost)  
  89  6:12  Probe  
  89  6:17  High Templar x4  
  99  6:21  Archon x2  
  99  6:24  Probe  
  100  6:29  Robotics Facility  
  100  6:30  Pylon x2  
  100  6:32  Pylon  
  100  6:34  Photon Cannon  
  100  6:45  Pylon, Immortal (Chrono Boost)  
  100  6:49  Nexus  
  104  7:04  Psionic Storm  
  104  7:05  Probe  
  105  7:08  Probe x2  
  105  7:13  Photon Cannon  
  105  7:15  High Templar x3, Photon Cannon  
  113  7:16  Shield Battery  
  113  7:17  Immortal, Probe  
  113  7:20  Probe  
  119  7:23  Pylon  
  122  7:35  Phoenix (Chrono Boost)  
  121  7:38  Stargate  
  121  7:39  Photon Cannon  
  121  7:41  Photon Cannon x2, Probe  
  114  7:45  Shield Battery  
  114  7:49  Stalker x4  
  122  7:53  Probe x2  
  122  7:54  Phoenix  
  122  7:58  Stalker, Photon Cannon  
  128  8:00  Stalker  
  128  8:01  Stalker x2  
  128  8:02  Probe  
  131  8:10  Probe  
  131  8:15  Probe x3  
  131  8:18  Zealot x4  
  141  8:23  Probe  
  141  8:27  Protoss Ground Weapons Level 2 (Chrono Boost), Probe x3  
  132  8:28  Phoenix x2 (Chrono Boost)  
  139  8:35  Probe  
  139  8:36  Assimilator  
  139  8:38  Pylon  
  139  8:39  Probe  
  139  8:40  Assimilator  
  141  8:42  Stalker x3  
  141  8:45  Probe  
  141  8:46  Probe  
  147  8:49  Stalker x2  
  147  8:54  High Templar  
  151  9:01  Probe  
  151  9:05  Photon Cannon  
  151  9:07  Zealot, High Templar x2  
  151  9:08  Zealot x2  
  161  9:11  Pylon  
  161  9:13  Pylon  
  149  9:17  Zealot x2  
  149  9:18  Immortal (Chrono Boost)  
  151  9:31  High Templar x3  
  155  9:33  Immortal (Chrono Boost)  
  159  9:39  Nexus  
  159  9:42  Zealot x4  
  167  9:47  Pylon  
  167  9:59  High Templar  
  161  10:12  Immortal (Chrono Boost)  
  161  10:13  Immortal (Chrono Boost)  
  169  10:19  Fleet Beacon  
  169  10:20  Stargate  
  157  10:39  Probe x2  
  157  10:42  Photon Cannon  
  159  10:44  Photon Cannon  
  159  10:46  Zealot x8, Shield Battery  
  159  10:47  Photon Cannon  
  159  10:49  Immortal x2 (Chrono Boost)  
  175  10:50  Pylon  
  175  10:52  Protoss Air Weapons Level 1 (Chrono Boost)  
  183  11:00  Probe  
  184  11:09  Zealot x6  
  196  11:15  Carrier (Chrono Boost)  
  194  11:26  Observer  
  120  11:59  Immortal x2 (Chrono Boost)  
  128  12:05  High Templar x4  
  128  12:06  Zealot x4  
  128  12:07  Assimilator  
  136  12:08  Assimilator  
  123  12:26  Observer x2 (Chrono Boost)  
  91  12:33  High Templar  
  91  12:34  High Templar x3  
  91  12:37  Probe x2  
  96  12:41  Archon  
  84  12:44  Observer x2 (Chrono Boost)  
  84  12:47  Zealot x4  
  81  12:59  Robotics Facility x2, Probe  
  81  13:00  Probe x3  
  81  13:02  Gateway  
  81  13:03  Gateway  
  81  13:04  Pylon  
  82  13:07  Zealot x6  
  82  13:11  Probe  
  82  13:12  Probe x3  
  84  13:25  Probe (Chrono Boost)  
  79  13:27  Probe x2 (Chrono Boost)  
  79  13:29  Zealot x4  
  83  13:37  Probe (Chrono Boost)  
  83  13:38  Stargate  
  83  13:39  Robotics Bay  
  86  13:41  Probe x2 (Chrono Boost)  
  86  13:42  Probe (Chrono Boost)  
  86  13:47  Immortal (Chrono Boost)  
  86  13:48  Immortal (Chrono Boost)  
  83  13:49  Probe x2  
  83  13:51  Probe  
  83  13:53  Cybernetics Core  
  93  13:58  Zealot x5  
  93  13:59  Zealot  
  96  14:03  Probe  
Tags
 
Add a new tag
Caveats
  • Supply blocks, unpowered buildings, or Contaminate may cause inaccurate times.
  • Supply counts are checked every 10 seconds.